 Dungeon Crawl Stone Soup version 0.25-a0-668-gea548f1 (webtiles) character file.

Game seed: 9885552380970267548, levelgen mode: deterministic

123 Faels the Cudgeler (level 4, 0/35 HPs)
             Began as a Demonspawn Fighter on Mar 28, 2020.
             Slain by a worm (6 damage)
             ... in a sewer.
             The game lasted 00:05:44 (2306 turns).

Faels the Cudgeler (Demonspawn Fighter)             Turns: 2306, Time: 00:05:44

Health: 0/35       AC:  7    Str: 17    XL:     4   Next: 80%
Magic:  4/4        EV:  7    Int:  9    God:
Gold:   142        SH:  8    Dex: 13    Spells: 3/3 levels left

rFire    . . .     SeeInvis .   a - +0 flail
rCold    . . .     Gourm    .   c - +0 kite shield
rNeg     . . .     Faith    .   b - +0 scale mail
rPois    .         Spirit   .   e - +0 helmet (curse)
rElec    .         Reflect  .   (no cloak)
rCorr    .         Harm     .   (no gloves)
MR       .....                  (no boots)
Stlth    ..........             (no amulet)
HPRegen  0.11/turn              (no ring)
MPRegen  0.09/turn              (no ring)

@: stab
A: powered by death 1
a: no special abilities


You were in a sewer.
You were very hungry.

You visited 1 branch of the dungeon, and saw 3 of its levels.
You also visited: Sewer.

You collected 142 gold pieces.

Inventory:

Hand Weapons
 a - a +0 flail (weapon)
Missiles
 q - 7 poisoned darts (quivered)
Armour
 b - a +0 scale mail (worn)
 c - a +0 kite shield (worn)
 e - a cursed +0 helmet (worn)
Scrolls
 d - 2 scrolls of blinking
 g - a scroll of enchant weapon {unknown}
 i - 2 scrolls of fear {unknown}
 j - 2 scrolls of random uselessness {unknown}
 k - 2 scrolls of fog {unknown}
 l - a scroll of magic mapping {unknown}
 n - a scroll of amnesia {unknown}
 o - a scroll of enchant armour {unknown}
 t - 2 scrolls of identify {unknown}
 x - a scroll of teleportation {unknown}
Potions
 m - a potion of resistance {unknown}
 r - a potion of lignification {unknown}
 u - a potion of flight
 v - 2 potions of might
 z - a potion of berserk rage {unknown}
Comestibles
 f - 3 rations


   Skills:
 - Level 3.0 Fighting
 * Level 4.4 Maces & Flails
 - Level 2.6 Armour
 - Level 0.7 Dodging
 - Level 2.6 Shields


You had 3 spell levels left.
You didn't know any spells.
Your spell library was empty.

Dungeon Overview and Level Annotations

Branches:
Dungeon (3/15)              Sewer (1/1)

Altars:


Innate Abilities, Weirdness & Mutations

You regenerate a little health from kills.


Message History

The worm bites you but does no damage.
You are very lightly contaminated with residual magic.
It was a potion of cancellation.
Your magical effects are unravelling.
You feel magically purged.
Your magical contamination has completely faded away.
You flicker back into view.
You feel a little less mighty now. You block the worm's attack.
It was a potion of curing.
You feel better. The worm barely misses you.
It was a potion of stabbing.
You feel ready to backstab. The worm bites you.
You hit the worm but do no damage.
The worm is heavily wounded.
You block the worm's attack. The worm bites you.
* * * LOW HITPOINT WARNING * * *
You hit the worm.
The worm is severely wounded.
The worm barely misses you. The worm bites you.
You die...

#≈≈≈##.'..'.##≈≈≈# #≈≈≈#
#.≈≈##.'..'.##≈≈≈# #≈≈≈#
#≈≈≈##.#..#.##≈≈≈# #≈≈≈#
#≈≈≈####..####.≈≈# #≈≈≈#
#≈≈≈# #.(# #≈≈≈# #.≈≈#
#≈≈≈####..####≈≈≈# #≈≈≈#
#≈≈≈##.#.(#.##.≈.# #≈≈≈#
#.≈≈##.'..w†##.≈≈# #≈≈≈#
#.≈≈##.'..w@##.≈≈# #.≈≈#
#≈≈.##.#..#.##≈≈≈# #≈≈≈#
#≈≈.####..####≈≈.# #≈≈≈#
#≈≈≈# #≈.# #≈≈≈# #≈≈≈#
#≈≈≈# #.≈# #≈≈≈# #≈≈≈#
#≈≈≈####≈≈####≈≈≈###≈≈≈#
#≈≈≈≈≈≈≈≈≈≈≈≈≈≈.≈≈≈≈≈≈≈#
#≈≈≈≈≈≈≈≈≈≈≈≈≈≈≈≈≈≈≈≈≈≈#
#≈≈≈≈≈.≈.≈≈..≈≈.≈≈≈≈≈≈≈#


You could see 2 worms.

Vanquished Creatures
  A gnoll (D:1)
  3 adders
  4 oozes
  4 worms
  3 dart slugs
  A leopard gecko (Sewer)
  A ball python (Sewer)
  9 bats
  4 giant cockroaches
  3 hobgoblins
  8 jackals
  4 frilled lizards
  3 goblins (D:1)
  A kobold (D:2)
  6 rats
55 creatures vanquished.

Notes
Turn   | Place    | Note
-------+----------+-------------------------------------------
     0 | D:1      | Faels the Demonspawn Fighter began the quest for the Orb.
     0 | D:1      | Reached XP level 1. HP: 18/18 MP: 1/1
     3 | D:1      | Noticed an elephant
    28 | D:1      | Reached skill level 2 in Maces & Flails
    28 | D:1      | Gained mutation: You regenerate a little health from kills.
                  | [demonic ancestry]
    28 | D:1      | Reached XP level 2. HP: 11/24 MP: 2/2
   510 | D:1      | Reached skill level 3 in Maces & Flails
   510 | D:1      | Reached XP level 3. HP: 24/29 MP: 3/3
   882 | D:1      | Noticed a six-headed hydra
  1184 | D:2      | You fall into a shaft and drop 1 floor!
  1346 | D:3      | Found a glowing drain.
  1372 | D:3      | Reached XP level 4. HP: 35/35 MP: 4/4
  1389 | Sewer    | Entered a sewer
  1402 | Sewer    | Reached skill level 4 in Maces & Flails
  2306 | Sewer    | Slain by a worm

Levels and vault maps discovered:
D:1:      sevenhm_arrival_forest_fort_small_2, layout_loops_ring
D:2:      layout_basic, nicolae_ru_great_annihilating_truth
D:3:      layout_basic, portal_sewer_entry_c
Sewer:    sewer_fruit_machine

Skill      XL: |  1  2  3  4 |
---------------+-------------+-----
Maces & Flails | 2 3 4 |  4.4
Fighting       | |  3.0
Armour         | |  2.6
Dodging        | |  0.7
Shields        | |  2.6

Action                   |  1- 3 |  4- 6 || total
-------------------------+-------+-------++-------
Melee: Flail             |    99 |   102 ||   201
Throw: Dart              |       |     3 ||     3
  Use: Potion            |     1 |     6 ||     7
       Scroll            |     1 |       ||     1
  Eat: Chunk             |     1 |     3 ||     4
Armor: Scale mail        |    41 |    81 ||   122
Dodge: Dodged            |    28 |    51 ||    79
Block: Kite shield       |    33 |    77 ||   110

Table legend:
 A = Non-vault XP
 B = Vault XP
 C = Vault XP percentage of total XP
 D = Non-vault monster count
 E = Vault monster count
 F = Vault count percentage of total count
                 A         B        C        D         E       F
            +---------+---------+-------+---------+---------+-------
      Total |      78 |      99 |  55.9 |      27 |      28 |  50.9
            +---------+---------+-------+---------+---------+-------
        D:1 |      46 |       0 |   0.0 |      16 |       0 |   0.0
        D:2 |      16 |       0 |   0.0 |       8 |       0 |   0.0
        D:3 |      16 |      24 |  60.0 |       3 |       7 |  70.0
      Sewer |       0 |      75 | 100.0 |       0 |      21 | 100.0
            +---------+---------+-------+---------+---------+-------
